 Dungeon Crawl Stone Soup version 0.19.0-24-gb05acd6 (webtiles) character file.

188568 dobroeutro the Executioner (level 17, -2/271 HPs)
             Began as a Minotaur Berserker on Nov 21, 2016.
             Was the Champion of Trog.
             Slain by Mennas
             ... wielding a +1 eudemon blade of holy wrath
              (16 damage)
             ... on level 2 of the Depths on Nov 22, 2016.
             The game lasted 00:51:11 (27299 turns).

dobroeutro the Executioner (Minotaur Berserker)    Turns: 27299, Time: 00:51:12

Health: -2/271     AC: 39    Str: 33    XL:     17   Next: 91%
Magic:  5/5        EV: 25    Int:  4    God:    Trog [******]
Gold:   2937       SH:  6    Dex: 18    Spells: 0 memorised, 16 levels left

rFire  + + .     SeeInvis +     M - +9 executioner's axe (antimagic)
rCold  + . .     Gourm    .     L - +4 plate armour of Light {rElec rF++ MR- SInv}
rNeg   . . .     Faith    .     (shield currently unavailable)
rPois  +         Spirit   .     (helmet unavailable)
rElec  +         Reflect  +     K - +2 cloak {rPois}
rCorr  .         Harm     .     v - +1 pair of gloves
MR     ++...                    (no boots)
Stlth  ..........               e - +6 amulet of reflection
                                y - +6 ring of protection
                                A - ring of protection from cold

@: agile, berserking (expiring), regenerating, glowing, very quick
A: retaliatory headbutt, claws 1, horns 3, iridescent scales 1, rugged brown
scales 1, thin metallic scales 1, robust 1, strong 1, wild magic 1
a: Berserk, Trog's Hand, Brothers in Arms, Burn Spellbooks, Renounce Religion


You were on level 2 of the Depths.
You worshipped Trog.
Trog was exalted by your worship.
You were full.

You visited 4 branches of the dungeon, and saw 25 of its levels.
You also visited: Ossuary, Ice Cave and Volcano.

You collected 3310 gold pieces.
You spent 373 gold pieces at shops.

Inventory:

Hand Weapons
 M - a +9 antimagic executioner's axe (weapon)
 T - the +4 broad axe "Grim" {venom, rN+ MR+ Str+6}
   (Trog gifted it to you on level 14 of the Dungeon)

   It poisons the flesh of those it strikes.
   It affects your strength (+6).
   It protects you from negative energy.
   It affects your resistance to hostile enchantments.
 V - the +5 battleaxe "Bingo" {flame, Dex+2}
   (You found it on level 15 of the Dungeon)

   It has been specially enchanted to burn those struck by it, causing extra
   injury to most foes and up to half again as much damage against particularly
   susceptible opponents.
   Big, fiery blades are also staple armaments of hydra-hunters.
   It affects your dexterity (+2).
Armour
 u - a +1 hat of magic resistance
 v - a +1 pair of gloves (worn)
 K - a +2 cloak of poison resistance (worn)
 L - the +4 plate armour of Light (worn) {rElec rF++ MR- SInv}
   (You found it on level 11 of the Dungeon)

   It greatly protects you from fire.
   It insulates you from electricity.
   It affects your resistance to hostile enchantments.
   It lets you see invisible.
Rods
 Y - a +4 lightning rod (12/12)
   (You found it on level 3 of the Lair of Beasts)
Jewellery
 e - a +6 amulet of reflection (around neck)
 x - an uncursed ring of protection from cold
 y - a +6 ring of protection (right hand)
 A - a ring of protection from cold (left hand)
Wands
 B - a wand of disintegration (13/24)
 D - a wand of lightning (6/15)
 F - a wand of heal wounds (0/9)
 G - a wand of slowing (19/48)
 Q - a wand of teleportation (1/9)
 S - a wand of digging (4/24)
Scrolls
 a - a scroll of silence {unknown}
 b - 8 scrolls of identify
 h - a scroll of recharging
 j - 9 scrolls of teleportation
 k - 11 scrolls of remove curse
 l - a scroll of holy word
 q - 4 scrolls of enchant weapon
 I - a scroll of fear
 N - a scroll of fog
 P - a scroll of blinking
Potions
 f - a potion of invisibility
 g - 3 potions of magic
 i - a potion of agility
 m - a potion of cure mutation
 o - a potion of ambrosia
 p - 2 potions of brilliance
 r - 3 potions of mutation
 s - a potion of resistance
 t - 8 potions of curing
 z - 5 potions of lignification
 C - a potion of heal wounds
 E - 2 potions of berserk rage
 J - 3 potions of haste
 O - 4 potions of flight
Books
 R - a book of Maledictions

   Spells                             Type                      Level
   a - Corona                         Hexes                        1
   b - Ensorcelled Hibernation        Hexes/Ice                    2
   c - Confuse                        Hexes                        3
   d - Tukima's Dance                 Hexes                        3
   e - Dazzling Spray                 Conjuration/Hexes            3
   Trog disapproves of the use of such an item.
 U - a book of Transfigurations

   Spells                             Type                      Level
   a - Irradiate                      Conjuration/Transmutation    5
   b - Statue Form                    Transmutation/Earth          6
   c - Hydra Form                     Transmutation                6
   d - Dragon Form                    Transmutation                7
   Trog disapproves of the use of such an item.
Comestibles
 c - 17 bread rations
 d - 13 fruits
 n - 17 meat rations
 w - 8 beef jerkies


   Skills:
 + Level 17.3 Fighting
 * Level 22.5 Axes
 + Level 17.1 Armour
 + Level 15.9 Dodging


You had 16 spell levels left.
You didn't know any spells.

Dungeon Overview and Level Annotations

Branches:
Dungeon (15/15)            Temple (0/1) D:5            Lair (6/6) D:11
  Swamp (0/4) Lair:4       Spider (0/4) Lair:4        Slime (0/5) Lair:6
    Orc (2/2) D:12            Elf (0/3) Orc:2        Vaults (0/5) D:13
 Depths (2/5) D:15

Altars:
Elyvilon
Makhleb
Okawaru
Sif Muna
Zin
The Shining One
Beogh
Jiyva

Shops:
D:4 =   D:10 *   D:13 [   Orc:2 *[(:

Portals:
Hell: Lair:6 Depths:1
Abyss: Depths:1
Pandemonium: Depths:1 Depths:2
Ziggurat: Depths:1

Annotations:
D:7 1 runed door
Orc:1 exclusion: door
Depths:2 Mennas


Innate Abilities, Weirdness & Mutations

You reflexively headbutt those who attack you in melee.
You have a pair of large horns on your head.
You have sharp fingernails.
You are partially covered in iridescent scales. (AC +2)
You are partially covered in rugged brown scales. (AC +1, +3% HP)
You are partially covered in thin metallic scales. (AC +2)
You are robust. (+10% HP)
Your muscles are strong. (Str +2)
Your spells are a little harder to cast, but a little more powerful.


Message History

You block Mennas's attack.
You cut Mennas into ribbons!!!
Mennas's magic leaks into the air.
Mennas is almost dead.
Mennas completely misses you. You furiously retaliate!
You headbutt Mennas, but do no damage. Mennas closely misses you.
Unknown command.
Mennas blocks your attack.
Your headbutt misses Mennas.
Mennas is almost dead.
Mennas gestures frantically.
Mennas is healed somewhat.
Unknown command.
Mennas blocks your attack.
Mennas is almost dead.
Unknown command.
Mennas blocks your attack.
Your headbutt misses Mennas.
Mennas is almost dead.
Mennas hits you with an eudemon blade of holy wrath!
* * * LOW HITPOINT WARNING * * *
Mennas hits you with an eudemon blade of holy wrath!
You die...

#.....## ###.# # #.#.#.'.
###..(# #. ###.....#
###...... #.. ##...#.#.#
###........
##..#........###(..⌠.⌠.⌠..
#_..#........))().........
##..#........###...⌠.⌠.⌠..
#.. ##...#.#.# ###........
#. # ###A@)..#..####......
. #.## 'A #.#)#.'..#
###.... .# #.# #.A
#..(..#### ###.. .# #.#
#..###'### #.. .# #.# #..
#.# #.. .# #.# #..#.# #..
.####.# #..(# #..
......##########..#
#####..
...............##..
#.#.#..


You could see Mennas.

Vanquished Creatures
  Gastronok (D:8)
  Agnes (D:15)
  4 fire giants
  4 frost giants
  2 daevas (Depths:2)
  An iron dragon (Depths:1)
  An angel (Depths:2)
  An orc warlord (Orc:2)
  A reaper (Depths:2)
  11 stone giants
  A vampire knight (Depths:2)
  2 dire elephants
  4 ettins
  6 spark wasps
  Snorg (Orc:1)
  A fire dragon (Depths:2)
  A yaktaur captain (Depths:2)
  Harold (Lair:2)
  The ghost of Monsterracer the Severer, a journeyman DDBe of Trog (Volcano)
  Erolcha (Orc:2)
  A rakshasa (Depths:1)
  4 vault guards (D:13)
  2 ice dragons (Depths:1)
  11 hydras
  A monstrous demonspawn (Depths:2)
  2 catoblepae (Depths:1)
  5 centaur warriors
  2 ogre magi (Depths:1)
  7 death yaks
  3 tengu warriors
  5 deep troll shamans
  4 deep troll earth magi
  A shock serpent (shapeshifter) (D:15)
  5 orc high priests (Orc:2)
  2 vampire magi (Depths:2)
  Urug (D:12)
  Nergalle (Lair:3)
  2 soul eaters (Depths:2)
  2 sun demons
  3 hell knights (Depths:1)
  5 iron trolls
  12 deep trolls
  A sixfirhy (Lair:6)
  3 cherubim (Depths:2)
  2 unseen horrors (D:13)
  2 flayed ghosts
  2 wizards
  8 hill giants
  A deep elf mage (D:13)
  A wolf spider (D:15)
  4 necromancers (Depths:1)
  Pikel (D:8)
  A harpy (shapeshifter) (D:11)
  6 orc knights
  A frost giant zombie (Depths:1)
  3 orc sorcerers (Orc:2)
  34 ugly things
  A stone giant zombie (Depths:1)
  5 cyclopes
  Joseph (D:8)
  19 elephants
  6 black mambas
  3 manticores
  Maurice (D:11)
  A smoke demon (Lair:6)
  3 ice statues (IceCv)
  4 orange demons (Lair:6)
  11 spiny frogs
  2 molten gargoyles (Volcano)
  2 gargoyles
  A kobold demonologist (D:12)
  A komodo dragon (shapeshifter) (D:15)
  2 efreet
  3 rime drakes
  10 komodo dragons
  2 tengu conjurers (D:15)
  A freezing wraith (D:15)
  A spriggan skeleton (Depths:1)
  3 yaktaurs
  4 ice devils
  3 red devils
  A demonic crawler (Lair:4)
  6 trolls
  A jumping spider (shapeshifter) (Depths:2)
  3 polar bears (D:13)
  A polar bear (shapeshifter) (D:15)
  A hornet (Lair:4)
  8 two-headed ogres
  9 blink frogs
  6 dream sheep (Lair:5)
  5 large abominations (D:11)
  A blink frog (shapeshifter) (Depths:1)
  3 hippogriffs
  17 slime creatures
  Prince Ribbit (D:5)
  A meliai zombie (D:15)
  A shadow (D:11)
  A water elemental (D:13)
  3 vampires
  A spriggan (Lair:4)
  2 wyverns
  43 yaks
  5 wraiths
  2 fire elementals (Volcano)
  6 basilisks
  2 fire bats (Volcano)
  A human (D:7)
  Eustachio (D:6)
  3 vampire mosquitoes (D:14)
  2 wargs (Orc:2)
  A hungry ghost (D:11)
  3 hogs (D:7)
  3 mottled dragons
  A mottled dragon (shapeshifter) (D:13)
  7 small abominations (D:11)
  2 swamp worms (Lair:4)
  3 soldier ants
  A hell hound (Lair:6)
  16 water moccasins
  32 orc warriors
  8 porcupines
  A slave (D:8)
  A black bear (D:6)
  13 ice beasts
  6 sky beasts
  A necrophage (D:7)
  An ettin simulacrum (Depths:1)
  2 phantoms
  14 wolves
  27 centaurs
  19 ogres
  17 crocodiles
  A big kobold (D:8)
  3 elf zombies
  A bullfrog (shapeshifter) (Depths:2)
  15 bullfrogs
  A wyvern zombie (D:13)
  9 earth elementals
  A gnoll sergeant (D:11)
  2 wyvern skeletons
  7 killer bees
  6 scorpions
  11 wights
  3 howler monkeys (D:7)
  An electric eel (Lair:4)
  8 lava snakes
  9 crimson imps
  A bullfrog zombie (D:11)
  6 centaur zombies
  5 hounds
  4 quasits
  5 jellies
  A wyvern simulacrum (D:13)
  2 centaur skeletons
  3 human zombies (Ossuary)
  14 orc priests
  A bullfrog skeleton (D:13)
  12 orc wizards
  2 iron imps (Depths:2)
  5 iguanas
  10 worker ants
  A big kobold zombie (Ossuary)
  A bullfrog simulacrum (D:13)
  A hound zombie (D:11)
  2 mummies (Ossuary)
  2 hound skeletons
  3 worker ant zombies
  A gnoll (D:1)
  10 adders
  A howler monkey skeleton (D:4)
  4 shadow imps
  4 white imps
  2 ufetubi
  5 oozes
  An adder zombie (Ossuary)
  4 adder skeletons
  A worm (D:2)
  3 dart slugs
  9 leopard geckos
  87 orcs
  2 ball pythons
  8 giant cockroaches
  13 hobgoblins
  16 jackals
  2 quokkas
  2 bats (D:3)
  2 frilled lizards (D:2)
  7 goblins
  2 goblin zombies (Ossuary)
  9 hobgoblin zombies (Ossuary)
  9 kobolds
  11 kobold zombies (Ossuary)
  6 orc zombies (Ossuary)
  9 rats
  3 rat zombies
  6 fungi
  2 plants
1003 creatures vanquished.

Vanquished Creatures (others)
  An unseen horror (D:15)
  3 slaves (D:8)
  2 howler monkeys (D:8)
  A centaur zombie (D:8)
  A centaur skeleton (D:8)
  A shadow imp (D:8)
  2 orcs (D:8)
  A goblin (D:2)
  3 kobolds (D:8)
  59 fungi
  10 plants
84 creatures vanquished.

Grand Total: 1087 creatures vanquished

Notes
Turn   | Place    | Note
-------+----------+-------------------------------------------
     0 | D:1      | dobroeutro the Minotaur Berserker began the quest for the Orb.
     0 | D:1      | Reached XP level 1. HP: 19/19 MP: 0/0
    74 | D:1      | Reached skill level 4 in Axes
   116 | D:1      | Reached XP level 2. HP: 26/26 MP: 1/1
   315 | D:1      | Reached skill level 5 in Axes
   315 | D:1      | Reached XP level 3. HP: 24/31 MP: 2/2
   585 | D:2      | You fall through a shaft for 2 floors!
   609 | D:4      | Noticed an ice beast
   635 | D:4      | Killed an ice beast
   635 | D:4      | Reached skill level 6 in Axes
   635 | D:4      | Reached XP level 4. HP: 5/39 MP: 3/3
   635 | D:4      | Reached XP level 5. HP: 5/45 MP: 4/4
   978 | D:4      | Reached skill level 7 in Axes
   980 | D:4      | Reached ** piety under Trog
  1426 | D:4      | Found Otruthroph's Jewellery Shop.
  1499 | D:4      | Reached skill level 8 in Axes
  1542 | D:4      | Reached XP level 6. HP: 42/51 MP: 5/5
  2577 | D:2      | Reached skill level 9 in Axes
  2674 | D:2      | Found a faded altar of an unknown god.
  2937 | D:5      | Entered Level 5 of the Dungeon
  2962 | D:5      | Found a staircase to the Ecumenical Temple.
  3142 | D:5      | Found an iron altar of Okawaru.
  3163 | D:5      | Reached *** piety under Trog
  3357 | D:5      | Reached XP level 7. HP: 57/57 MP: 6/6
  3431 | D:5      | Noticed Prince Ribbit
  3440 | D:5      | Killed Prince Ribbit
  3440 | D:5      | Reached skill level 10 in Axes
  3954 | D:6      | Found a sand-covered staircase.
  3971 | Ossuary  | Entered an ossuary
  4033 | Ossuary  | Reached **** piety under Trog
  4070 | Ossuary  | Reached XP level 8. HP: 67/67 MP: 7/7
  4094 | Ossuary  | Reached skill level 5 in Fighting
  4369 | D:6      | Reached skill level 11 in Axes
  4370 | D:6      | Reached skill level 5 in Armour
  4570 | D:6      | Noticed Eustachio
  4578 | D:6      | Killed Eustachio
  4654 | D:6      | Reached skill level 5 in Dodging
  4654 | D:6      | Reached XP level 9. HP: 63/75 MP: 8/8
  4659 | D:6      | Gained mutation: You are partially covered in iridescent scales. (AC +2) [mutagenic meat]
  4660 | D:6      | Gained mutation: Your muscles are strong. (Str +2) [mutagenic meat]
  4661 | D:6      | Gained mutation: You are frail. (-10% HP) [mutagenic meat]
  5150 | D:7      | Reached ***** piety under Trog
  5370 | D:7      | Reached skill level 12 in Axes
  5409 | D:7      | Found a runed door.
  5409 | D:7      | Found a glowing golden altar of the Shining One.
  5409 | D:7      | Noticed an angel
  5762 | D:8      | Noticed Pikel
  5767 | D:8      | Killed Pikel
  5767 | D:8      | Reached XP level 10. HP: 79/79 MP: 9/9
  5873 | D:8      | Noticed Gastronok
  5943 | D:8      | Killed Gastronok
  6298 | D:8      | Noticed a hill giant
  6305 | D:8      | Killed a hill giant
  6305 | D:8      | Reached skill level 13 in Axes
  6507 | D:8      | Noticed Joseph
  6526 | D:8      | Killed Joseph
  6773 | D:9      | Reached XP level 11. HP: 86/89 MP: 10/10
  7243 | D:10     | Entered Level 10 of the Dungeon
  7297 | D:10     | Received a gift from Trog
  7300 | D:10     | Got a translucent glaive {god gift}
  7301 | D:10     | Identified the +8 glaive "Sohuskig" {venom, +Inv rElec Dex+2} (Trog gifted it to you on level 10 of the Dungeon)
  7465 | D:10     | Found Zoybiosch's Assorted Antiques.
  7486 | D:10     | Bought a pitted scale mail for 171 gold pieces
  7496 | D:10     | Identified the cursed +0 scale mail of the Barber Surgeon {rF- rN+ rCorr Slay+2} (You bought it in a shop on level 10 of the Dungeon)
  7905 | D:11     | Noticed a hill giant
  7909 | D:11     | Killed a hill giant
  7909 | D:11     | Reached skill level 10 in Fighting
  7930 | D:11     | Noticed Maurice
  7936 | D:11     | Killed Maurice
  8082 | D:11     | Noticed a hill giant
  8086 | D:11     | Killed a hill giant
  8086 | D:11     | Reached skill level 10 in Armour
  8225 | D:11     | Noticed a wizard
  8230 | D:11     | Killed a wizard
  8287 | D:11     | Found a white marble altar of Elyvilon.
  8444 | D:11     | Found a staircase to the Lair.
  8507 | D:11     | Found a glowing silver altar of Zin.
  8945 | D:11     | Noticed a harpy
  8955 | D:11     | Noticed a hill giant
  8958 | D:11     | Killed a harpy
  8958 | D:11     | Reached skill level 10 in Dodging
  8963 | D:11     | Killed a hill giant
  8963 | D:11     | Reached skill level 14 in Axes
  9306 | D:11     | Noticed a brown ugly thing
  9311 | D:11     | Killed a brown ugly thing
  9311 | D:11     | Reached XP level 12. HP: 76/99 MP: 11/11
  9459 | D:11     | Got a pitted trident
  9460 | D:11     | Identified the +7 trident of Untruth {pain, *Slow rN+ MR+ Stlth+} (You found it on level 11 of the Dungeon)
  9463 | D:11     | Got an ancient plate armour
  9475 | D:11     | Identified the +4 plate armour of Light {rElec rF++ MR- SInv} (You found it on level 11 of the Dungeon)
  9537 | D:12     | Noticed Urug
  9544 | D:12     | Killed Urug
  9695 | D:12     | Found a staircase to the Orcish Mines.
  9846 | D:12     | Received a gift from Trog
  9942 | D:12     | Gained mutation: Your spells are a little easier to cast, but a little less powerful. [mutagenic meat]
  9943 | D:12     | Gained mutation: Your mind is acute. (Int +2) [mutagenic meat]
 10381 | D:12     | Found a roughly hewn altar of Beogh.
 10428 | Orc:1    | Entered Level 1 of the Orcish Mines
 10616 | D:12     | Found a roughly hewn altar of Beogh.
 10641 | D:12     | Reached ****** piety under Trog
 10733 | D:12     | Noticed a centaur warrior
 10737 | D:12     | Killed a centaur warrior
 10957 | D:13     | Reached skill level 15 in Axes
 10970 | D:13     | Lost mutation: Your mind is acute. (Int +2) [mutagenic meat]
 10971 | D:13     | Gained mutation: You have a pair of large horns on your head. [mutagenic meat]
 11047 | D:13     | Found a frozen archway.
 11063 | IceCv    | Entered an ice cave
 11102 | IceCv    | Gained mutation: You are partially covered in thin metallic scales. (AC +2) [mutagenic meat]
 11522 | D:13     | Found Nuakkiv's Armour Shoppe.
 11531 | D:13     | Bought a +1 cloak of poison resistance for 202 gold pieces
 11604 | D:13     | Reached XP level 13. HP: 75/107 MP: 4/12
 11649 | D:13     | Received a gift from Trog
 11753 | D:13     | Gained mutation: Scrolls take you a little longer to read. [mutagenic meat]
 11755 | D:13     | Lost mutation: You are frail. (-10% HP) [mutagenic meat]
 11756 | D:13     | Gained mutation: You have sharp fingernails. [mutagenic meat]
 11815 | D:13     | Found a gate to the Vaults.
 11831 | D:13     | Reached skill level 16 in Axes
 12130 | D:13     | Lost mutation: Scrolls take you a little longer to read. [mutagenic meat]
 12131 | D:13     | Gained mutation: You are partially covered in rugged brown scales. (AC +1, +3% HP) [mutagenic meat]
 12132 | D:13     | Lost mutation: Your spells are a little easier to cast, but a little less powerful. [mutagenic meat]
 12329 | D:14     | Received a gift from Trog
 12351 | D:14     | Reached skill level 17 in Axes
 12354 | D:14     | Gained mutation: Your spells are a little harder to cast, but a little more powerful. [mutagenic meat]
 12359 | D:14     | Gained mutation: Your body sometimes deteriorates upon taking damage. [mutagenic meat]
 12367 | D:14     | Got a twisted broad axe {god gift}
 12368 | D:14     | Identified the +4 broad axe "Grim" {venom, rN+ MR+ Str+6} (Trog gifted it to you on level 14 of the Dungeon)
 12918 | D:14     | Identified a scroll of acquirement
 13320 | D:15     | Entered Level 15 of the Dungeon
 13756 | D:15     | Reached XP level 14. HP: 132/132 MP: 4/13
 13774 | D:15     | Noticed Agnes
 13792 | D:15     | Killed Agnes
 14216 | D:15     | Lost mutation: Your body sometimes deteriorates upon taking damage. [mutagenic meat]
 14217 | D:15     | Gained mutation: You are robust. (+10% HP) [mutagenic meat]
 14261 | D:15     | Noticed a fire giant
 14266 | D:15     | Killed a fire giant
 14473 | D:15     | Got an ebony battleaxe
 14474 | D:15     | Identified the +5 battleaxe "Bingo" {flame, Dex+2} (You found it on level 15 of the Dungeon)
 14501 | D:15     | Noticed a fire giant
 14512 | D:15     | Found a staircase to the Depths.
 14528 | D:15     | Reached skill level 18 in Axes
 14531 | D:15     | Received a gift from Trog
 14847 | D:15     | Killed a fire giant
 15634 | Lair:1   | Entered Level 1 of the Lair of Beasts
 16503 | Lair:2   | Reached XP level 15. HP: 130/157 MP: 4/14
 16829 | Lair:2   | Noticed Harold
 16837 | Lair:2   | Killed Harold
 16964 | Lair:2   | Reached skill level 19 in Axes
 17725 | Lair:3   | Received a gift from Trog
 17882 | Lair:3   | Noticed Nergalle
 17888 | Lair:3   | Killed Nergalle
 18156 | Lair:4   | Found a hole to the Spider Nest.
 18520 | Lair:4   | Reached skill level 15 in Fighting
 18737 | Lair:4   | Found a staircase to the Swamp.
 19337 | Lair:5   | Reached skill level 15 in Armour
 19663 | Lair:6   | Entered Level 6 of the Lair of Beasts
 19688 | Lair:6   | Found a glowing silver altar of Zin.
 19887 | Lair:6   | Reached skill level 20 in Axes
 20242 | Lair:6   | Found a runed door.
 20242 | Lair:6   | Found a viscous altar of Jiyva.
 20242 | Lair:6   | Found a staircase to the Slime Pits.
 20728 | Lair:6   | Found a burning altar of Makhleb.
 20735 | Lair:6   | Reached XP level 16. HP: 167/168 MP: 5/15
 20745 | Lair:6   | Found a gateway to Hell.
 20770 | Lair:6   | Got a flickering iron amulet
 20773 | Lair:6   | Identified the amulet of the Water Diviner {RegenMP Int+3 SInv} (You found it on level 6 of the Lair of Beasts)
 21077 | Orc:2    | Entered Level 2 of the Orcish Mines
 21080 | Orc:2    | Found Melick's Antique Armour Boutique.
 21130 | Orc:2    | Found a dark tunnel.
 21136 | Volcano  | Entered a volcano
 21210 | Volcano  | Received a gift from Trog
 21248 | Volcano  | Noticed Monsterracer's ghost (journeyman DDBe)
 21262 | Volcano  | Killed Monsterracer's ghost
 21561 | Volcano  | Found a radiant altar of Vehumet.
 21854 | Orc:2    | Found Exteg's Book Emporium.
 22210 | Orc:2    | Noticed Erolcha
 22216 | Orc:2    | Killed Erolcha
 22240 | Orc:2    | Found Aqirghen's Antique Weapon Shoppe.
 22345 | Orc:2    | Found Mihelaep's General Store.
 22348 | Orc:2    | Paralysed by an orc sorcerer for 3 turns
 22375 | Orc:2    | Found a staircase to the Elven Halls.
 22744 | Orc:1    | Noticed Snorg
 22754 | Orc:1    | Killed Snorg
 22864 | Orc:1    | Found a deep blue altar of Sif Muna.
 22907 | Orc:1    | Received a gift from Trog
 23518 | Depths:1 | Entered Level 1 of the Depths
 23535 | Depths:1 | Found a one-way gate to the infinite horrors of the Abyss.
 23544 | Depths:1 | Found a one-way gate leading to the halls of Pandemonium.
 23830 | Depths:1 | Reached skill level 21 in Axes
 23926 | Depths:1 | Reached skill level 15 in Dodging
 23953 | Depths:1 | HP: 3/171 [stone giant (10)]
 24395 | Depths:1 | Received a gift from Trog
 24684 | Depths:1 | Reached XP level 17. HP: 130/180 MP: 5/16
 24973 | Depths:1 | Found a gateway to a ziggurat.
 25739 | Depths:2 | Reached skill level 22 in Axes
 25786 | Depths:2 | Received a gift from Trog
 27253 | Depths:2 | Noticed Mennas
 27254 | Depths:2 | Found a glowing silver altar of Zin.
 27299 | Depths:2 | Slain by Mennas

Skill      XL: |  1  2  3  4  5  6  7  8  9 10 11 12 13 14 15 16 17 |
---------------+----------------------------------------------------+-----
Axes           | 4 5 6 8 9 10 11 12 13 14 15 17 18 20 21 22 | 22.5
Fighting       | 4 6 8 9 11 12 13 14 15 16 17 | 17.3
Armour         | 3 5 7 9 11 12 13 14 15 16 17 | 17.1
Dodging        | 3 5 6 8 10 11 12 13 14 15 | 15.9

Action                   |  1- 3 |  4- 6 |  7- 9 | 10-12 | 13-15 | 16-18 || total
-------------------------+-------+-------+-------+-------+-------+-------++-------
Melee: Hand axe          |    62 |    37 |       |       |       |       ||    99
       Headbutt          |     8 |    25 |    52 |   125 |   180 |   175 ||   565
       War axe           |       |    95 |   205 |   146 |       |       ||   446
       Glaive            |       |       |       |   240 |       |       ||   240
       Executioner's axe |       |       |       |   153 |   725 |   648 ||  1526
       Battleaxe         |       |       |       |       |     8 |       ||     8
Invok: Berserk           |       |       |     2 |     4 |     8 |     6 ||    20
       Burn Spellbooks   |       |       |       |     3 |     3 |       ||     6
       Trog's Hand       |       |       |       |       |       |     4 ||     4
       Brothers in Arms  |       |       |       |       |       |     1 ||     1
Evoke: Wand              |       |       |     3 |     4 |     1 |     2 ||    10
  Use: Potion            |     1 |       |       |     1 |       |     7 ||     9
       Scroll            |       |       |     9 |    18 |    11 |     3 ||    41
 Stab: Petrified         |       |       |       |       |       |     6 ||     6
       Petrifying        |       |       |       |       |       |     1 ||     1
  Eat: Chunk             |       |     8 |    13 |    29 |    50 |    17 ||   117
       Pizza             |       |       |       |     1 |     6 |     6 ||    13
       Royal jelly       |       |       |       |       |     1 |       ||     1
       Bread ration      |       |       |       |       |       |     2 ||     2
Armor: Ring mail         |    20 |    32 |    31 |       |       |       ||    83
       Scale mail        |       |       |     8 |    48 |       |       ||    56
       Leather armour    |       |       |    17 |    33 |       |       ||    50
       Plate armour      |       |       |       |   115 |   556 |   394 ||  1065
Dodge: Dodged            |    43 |    58 |    94 |   300 |   547 |   397 ||  1439
Block: Other             |       |    20 |    47 |   139 |   230 |   186 ||   622
       Reflection        |       |     5 |     3 |    10 |     9 |     5 ||    32
